 Dungeon Crawl Stone Soup version 0.29-a0-721-g7f417c9bbb (webtiles) character file.

Game seed: 6903353022650185351

74 flyleaff the Insei (level 4, 0/29 HPs)
             Began as an Octopode Transmuter on June 28, 2022.
             Slain by Sigmund
             ... wielding a +1 scythe of flaming
              (5 damage)
             ... on level 3 of the Dungeon.
             The game lasted 00:05:57 (2696 turns).

flyleaff the Insei (Octopode Transmuter)            Turns: 2696, Time: 00:05:58

Health: 0/29       AC:  1    Str:  8 (9)  XL:     4   Next: 30%
Magic:  7/7        EV: 13    Int: 17      God:
Gold:   119        SH:  0    Dex: 12      Spells: 1/7 levels left

rFire   . . .      SeeInvis .     - Unarmed
rCold   . . .      Faith    .   (no shield)
rNeg    . . .      Spirit   .   (helmet restricted)
rPois   .          Reflect  .   (no amulet)
rElec   .          Harm     .   (no ring)
rCorr   .          Rampage  .   (no ring)
Will    .....                   (no ring)
Stlth   ++........              (no ring)
HPRegen 0.09/turn               (no ring)
MPRegen 0.10/turn               (no ring)
                                (no ring)
                                (no ring)

@: confused
A: almost no armour, amphibious, 8 rings, camouflage 1, gelatinous body 1,
(nimble swimmer 1), tentacles
a: no special abilities


You were on level 3 of the Dungeon.
You visited 1 branch of the dungeon, and saw 3 of its levels.

You collected 119 gold pieces.

Inventory:

Wands
 f - a wand of polymorph (4)
Potions
 a - 2 potions of lignification
 c - a potion of cancellation {unknown}
 d - 2 potions of brilliance {unknown}
 e - 2 potions of curing {unknown}
 g - 3 potions of haste {unknown}
 i - a potion of resistance {unknown}
 l - 2 potions of invisibility {unknown}


   Skills:
 + Level 1.8 Fighting
 + Level 2.6 Dodging
 - Level 0.4 Stealth
 + Level 3.9 Unarmed Combat
 - Level 2.1 Spellcasting
 - Level 2.2 Transmutations


You had one spell level left.
You knew the following spells:

 Your Spells              Type           Power      Damage    Failure   Level
a - Beastly Appendage     Tmut           18%        N/A       8%          1
b - Ensorcelled Hibernat  Hex/Ice        2%         N/A       28%         2
c - Swiftness             Air            1%         N/A       50%         3

Your spell library contained the following spells:

 Spells                   Type           Power      Damage    Failure   Level
 Wereblood                Tmut           9%         N/A       12%         2
 Passwall                 Tmut/Erth      4%         N/A       19%         2
 Spider Form              Tmut/Pois      5%         N/A       34%         3
 Portal Projectile        Hex/Tloc       2%         N/A       50%         3
 Tukima's Dance           Hex            1%         N/A       50%         3
 Ice Form                 Ice/Tmut       5%         N/A       75%         4
 Blade Hands              Tmut           4%         N/A       91%         5


Dungeon Overview and Level Annotations

Branches:
Dungeon (3/15)

Altars:
Trog

Annotations:
D:3 Sigmund


Innate Abilities, Weirdness & Mutations

You cannot wear most types of armour.
You are amphibious.
You can wear up to eight rings at the same time.
Your skin changes colour to match your surroundings (Stealth+).
Your rubbery body absorbs attacks. (AC +1, EV +1)
((You are camouflaged when in or above water. (Stealth+)))
You have tentacles for arms and can constrict up to eight enemies at once.


Message History

The spell is quite dangerous to miscast (28% risk of failure)!
Continue anyway?
Aiming: Ensorcelled Hibernation (quite dangerous; 28% risk of failure)
Press: ? - help, Shift-Dir - straight line, f - Sigmund
Aim: Sigmund, wielding a +1 scythe of flaming and wearing a +0 robe (chance to affect: 42%) Sigmund resists with some effort.
Your tentacle spike disappears.
Sigmund mumbles some strange words.
Sigmund flickers and vanishes!
Deactivating autopickup; reactivate with Ctrl-A.
Okay, then.
Casting: Ensorcelled Hibernation (quite dangerous; 28% risk of failure)
Confirm with . or Enter, or press ? or * to list all spells.
The spell is quite dangerous to miscast (28% risk of failure)!
Continue anyway?
Aiming: Ensorcelled Hibernation (quite dangerous; 28% risk of failure)
Press: ? - help, Shift-Dir - straight line You miscast Ensorcelled Hibernation.
You are very lightly contaminated with residual magic.
Nothing appears to happen.
Something hits you. Something burns you.
Casting: Ensorcelled Hibernation (quite dangerous; 28% risk of failure)
Confirm with . or Enter, or press ? or * to list all spells.
The spell is quite dangerous to miscast (28% risk of failure)!
Continue anyway?
Aiming: Ensorcelled Hibernation (quite dangerous; 28% risk of failure)
Press: ? - help, Shift-Dir - straight line Nothing appears to happen.
You hear a shout!
You hear some strange, mumbled words.
You are confused.
You bump into the rock wall.
Something barely misses you.
You closely miss something.
You hear some strange, mumbled words.
A puff of flame appears from out of thin air!
The puff of flame misses you.
You bump into the rock wall.
Something hits you. Something burns you.
You bump into the rock wall.
You bump into the rock wall.
Something hits you.
* * * LOW HITPOINT WARNING * * *
Something burns you.
* * * LOW HITPOINT WARNING * * *
Your magical contamination has completely faded away.
Magic courses through your body. Something hits you.
You die...

* **,** *,*,*
**********,* * ***
****,*,****,,,,,,,,,,**
*
*,,,,*,,,,,,********,,*
*,*********** **,* *,*
*,* *,* *## *>* *,*
##.## *,*
*.#########...####***,*
*....>.{@..........,,,*
*##########...#####****
##.## *##


There were no monsters in sight!

Vanquished Creatures
  A gnoll (D:2)
  2 adders (D:2)
  A dart slug (D:2)
  3 ball pythons (D:1)
  2 bats (D:1)
  7 endoplasms
  3 giant cockroaches
  6 hobgoblins
  5 frilled lizards
  3 goblins
  7 kobolds
  2 rats (D:2)
42 creatures vanquished.

Notes
Turn   | Place    | Note
-------+----------+-------------------------------------------
     0 | D:1      | flyleaff the Octopode Transmuter began the quest for the
                  | Orb.
     0 | D:1      | Reached XP level 1. HP: 13/13 MP: 3/3
   323 | D:1      | Reached XP level 2. HP: 18/18 MP: 3/5
   616 | D:1      | Found a faded altar of an unknown god.
  1356 | D:1      | Reached XP level 3. HP: 23/23 MP: 4/6
  1531 | D:1      | Learned a level 2 spell: Ensorcelled Hibernation
  1535 | D:1      | Learned a level 3 spell: Swiftness
  1535 | D:1      | Prayed at the altar of an unknown god.
  1535 | D:1      | Became a worshipper of Trog the Wrathful
  1535 | D:1      | Reached * piety under Trog
  1536 | D:1      | Fell from the grace of Trog
  2356 | D:2      | Reached XP level 4. HP: 29/29 MP: 7/7
  2680 | D:3      | Noticed Sigmund
  2696 | D:3      | Slain by Sigmund

Illustrated notes

Levels and vault maps discovered:
D:1:      dpeg_arrival_shrine, layout_loops_ring,
          shapermc_ecumenical_altar_mp_highgroup,
          chequers_serial_rivers_large_b, st_stairs_12, minmay_pentomino_q4
D:2:      layout_loops_ring, st_stairs_11, minmay_ruptured
D:3:      layout_loops_ring, gup_sewer_entry_pipe, kennysheep_generic_room_15,
          uniq_sigmund

Action                   |  1- 3 |  4- 6 || total
-------------------------+-------+-------++-------
Melee: Unarmed           |    72 |    18 ||    90
       Tentacles         |    11 |     5 ||    16
       Constrict         |    22 |     4 ||    26
       Kick              |    15 |     2 ||    17
 Cast: Beastly Appendage |    11 |     1 ||    12
       Ensorcelled Hiber |       |     2 ||     2
Invok: Renounce Religion |     1 |       ||     1
  Use: Scroll            |       |     6 ||     6
       Potion            |       |     1 ||     1
 Stab: Sleeping          |     9 |     1 ||    10
Armor: Skin              |    13 |       ||    13
Dodge: Dodged            |    35 |    17 ||    52

Table legend: (Time is in decaauts)
 A = Elapsed time spent in this place.
 B = Non-inter-level travel time spent in this place.
 C = Inter-level travel time spent in this place.
 D = Time resting spent in this place.
 E = Time spent auto-exploring this place.
 F = Levels seen in this place.
 G = Mean time per level.
                   A        B        C        D        E       F      G
               +--------+--------+--------+--------+--------+-----+--------+
         Total |   2789 |   2622 |    167 |      0 |   2323 |   3 |  929.7 |
       Dungeon |   2789 |   2622 |    167 |      0 |   2323 |   3 |  929.7 |
               +--------+--------+--------+--------+--------+-----+--------+

Top non-repeatable levels by time:
     D:1: 1568 daAuts
     D:2: 1195 daAuts
     D:3: 26 daAuts
